 Dungeon Crawl Stone Soup version 0.32-a0-411-g744942f433 (webtiles) character file.

Game seed: 10443945433882818883

28861 zeratav the Cleaver (level 13, 0/118 HPs)
             Began as a Minotaur Fighter on Feb 21, 2024.
             Was a High Priest of Beogh.
             Shot with a bolt by a kobold blastminer (8 damage)
             ... on level 2 of the Orcish Mines.
             The game lasted 00:21:05 (9349 turns).

zeratav the Cleaver (Minotaur Fighter)              Turns: 9349, Time: 00:21:05

Health: 0/118      AC: 20    Str: 24    XL:     13   Next: 12%
Magic:  12/12      EV: 16    Int:  5    God:    Beogh [*****.]
Gold:   1032       SH: 13    Dex: 10    Spells: 12/12 levels left

rFire   + + .        a - +0 war axe {axe}
rCold   + . .        t - +1 kite shield {rF+}
rNeg    . . .        L - +0 plate armour
rPois   .            (helmet restricted)
rElec   .            n - +0 cloak
rCorr   .            g - +1 pair of gloves "Plog" {Harm Will+++ Regen+ Str-2}
SInv    .            B - +2 pair of slick slippers {slick, slippery, EV+4}
Will    +++..        (no amulet) Stlth
                     l - +5 ring of evasion
HPRegen 1.19/turn    J - ring of protection from cold
MPRegen 0.13/turn

%: harm (+30% outgoing, +20% incoming), clarity
@: no status effects
A: walk on water, horns 2, retaliatory headbutt, clarity, fire resistance 1
a: Renounce Religion, Smiting, Recall Apostles, Blood for Blood, Dismiss Murdo,
priest, Dismiss Brandogh, wizard, Dismiss Garbold, wizard


You were on level 2 of the Orcish Mines.
You worshipped Beogh.
Beogh was extremely pleased with you.
You visited 2 branches of the dungeon, and saw 14 of its levels.
You also visited: Ice Cave.

You collected 1032 gold pieces.


Innate Abilities, Weirdness & Mutations

You can walk on water.
Your facial features are unmistakably orcish.
You have a pair of horns on your head.
You reflexively headbutt those who attack you in melee.
You possess an exceptional clarity of mind.
Your flesh is heat resistant. (rF+)


   Skills:
 - Level 12.0 Fighting
 + Level 14.4 Axes
 - Level 10.0 Throwing
 - Level 10.0 Armour
 + Level 3.2 Dodging
 - Level 13.0 Shields


You had 12 spell levels left.
You didn't know any spells.
Your spell library contained the following spells:

 Spells                   Type           Power      Damage    Failure   Level
 Magic Dart               Conj           0%         1d3       100%        1
 Sting                    Conj/Alch      0%         1d3       100%        1
 Blink                    Tloc           0%         N/A       100%        2
 Call Imp                 Summ           0%         N/A       100%        2
 Ensorcelled Hibernation  Hex/Ice        0%         N/A       100%        2
 Mercury Vapours          Alch/Air       0%         N/A       100%        2
 Fugue of the Fallen      Necr           0%         N/A       100%        3
 Anguish                  Hex/Necr       0%         N/A       100%        4
 Olgreb's Toxic Radiance  Alch           0%         N/A       100%        4
 Sculpt Simulacrum        Ice/Alch       0%         N/A       100%        6
 Ozocubu's Refrigeration  Ice            0%         4d7       100%        7
 Discord                  Hex            0%         N/A       100%        8
 Polar Vortex             Ice            0%         N/A       100%        9

Inventory:

Hand Weapons
 a - a +0 war axe (weapon) {axe}
 j - a +0 battleaxe of freezing {axe}
   (You took it off a frost giant in an ice cave)
 I - a +2 mace of freezing {mace}
   (You found it in an ice cave)
 K - the +7 Spriggan's Knife {stab, EV+4 Stlth+}
   (You found it in an ice cave)

   Stab:      It is more effective when stabbing unaware enemies, sometimes
   treating them as though they were completely helpless.
   EV+4:      It affects your evasion (+4).
   Stlth+:    It makes you more stealthy.
 T - a +0 battleaxe of freezing {axe}
   (You found it in an ice cave)
 V - a +4 dagger of venom {short}
   (You took it off Josephine on level 2 of the Orcish Mines)
Missiles
 b - 2 throwing nets {=fthrowing}
 m - 30 poisoned darts {throwing}
 C - 7 boomerangs (quivered) {throwing}
Armour
 g - the +1 pair of gloves "Plog" (worn) {Harm Will+++ Regen+ Str-2}
   (You acquired it on level 4 of the Dungeon)

   Str-2:     It affects your strength (-2).
   Will+++:   It greatly increases your willpower.
   Regen+:    It increases your rate of health regeneration.
   Harm:      It increases damage dealt and taken.
 n - a +0 cloak (worn)
   (You found it on level 2 of the Dungeon)
 t - a +1 kite shield of fire resistance (worn)
   (You took it off a hobgoblin on level 3 of the Dungeon)
 B - the +2 pair of slick slippers (worn) {slick, slippery, EV+4}
   (You found it on level 5 of the Dungeon)

   Slick:     Its wearer cannot be constricted, engulfed, netted or webbed.
   Slippery:  Its wearer slips away from damaging melee attacks, pulling the
   attacker onward.
   EV+4:      It affects your evasion (+4).
 F - the +4 skin of Zhor {*Englaciate rC+++ SInv}
   (You found it in an ice cave)

   *Englaciate: It radiates cold, occasionally slowing all nearby creatures who
   are not resistant to cold.
   rC+++:     It renders you almost immune to cold.
   SInv:      It lets you see invisible.
 H - a +0 crystal plate armour of cold resistance {rare=g}
   (You found it in an ice cave)
 L - a +0 plate armour (worn)
   (You took it off an orc warrior on level 6 of the Dungeon)
 N - a +2 robe of positive energy
   (You took it off an orc sorcerer on level 1 of the Orcish Mines)
 P - a +1 chain mail of poison resistance
   (You took it off an orc warrior on level 1 of the Orcish Mines)
 Z - a scarf of harm
   (You found it on level 10 of the Dungeon)
Jewellery
 h - a +6 ring of dexterity
   (You found it on level 1 of the Dungeon)
 l - a +5 ring of evasion (left hand)
   (You found it on level 5 of the Dungeon)
 q - a ring of protection from fire
   (You found it on level 1 of the Dungeon)
 x - a ring of ice
   (You found it on level 4 of the Dungeon)
 E - a ring of poison resistance
   (You found it on level 6 of the Dungeon)
 J - a ring of protection from cold (right hand)
   (You found it on level 11 of the Dungeon)
 O - a +6 ring of dexterity
   (You found it on level 7 of the Dungeon)
Wands
 o - a wand of polymorph (7)
   (You found it on level 2 of the Dungeon)
 D - a wand of charming (6)
   (You found it in an ice cave)
 G - a wand of acid (7)
   (You found it on level 7 of the Dungeon)
 M - a wand of roots (11)
   (You found it on level 7 of the Dungeon)
 S - a wand of mindburst (19)
   (You found it on level 8 of the Dungeon)
 U - a wand of flame (11)
   (You found it on level 9 of the Dungeon)
Scrolls
 c - a scroll of noise {!r}
 f - 2 scrolls of teleportation {@r4}
 k - a scroll of fog
 p - 2 scrolls of fear
 r - a scroll of poison {!r}
 w - 2 scrolls of enchant armour {unknown}
 y - a scroll of enchant weapon
 A - a scroll of immolation {unknown}
 Q - a scroll of vulnerability {unknown}
 R - 2 scrolls of amnesia
Potions
 d - 2 potions of might
 e - a potion of haste {@q3}
 i - a potion of brilliance
 s - 2 potions of attraction {!q}
 u - a potion of ambrosia
 v - 4 potions of curing {@q1}
 z - 2 potions of mutation {!q}
Miscellaneous
 X - a phial of floods (inert)
   (You found it on level 10 of the Dungeon)

Dungeon Overview and Level Annotations

Branches:
Dungeon (12/15) Zot: 26928  Temple (0/1) D:6            Lair (0/5) D:10
    Orc (2/2) D:11 Zot: 11003   IceCv (visited)
    Elf: Orc:2

Altars:
Nemelex Xobeh
Ru
Sif Muna
Trog

Annotations:
Orc:1 2 transporters, cforsyth's ghost, journeyman CoGl

##....#####...# .......
#....#.###.....
........####......##.....
.........##.#.....##......
.....#.............##......
...................###.#...
...................######..
....................#.###.#
...........@.#.#.##.....#...
...........T...##........###..
......T.........##........##..
.......#.......####......####.
................##.##.#### ##
...............#....###
........)KO#...)...##
........)...#..#...#
..)....)))$.....#..##


You could see a two-headed ogre (target of vengeance), a kobold blastminer
(target of vengeance) and 2 trolls.


Message History

You hit the two-headed ogre. You slash something!
Something hits you but does no damage.
HP[+1]
You hit the ogre.
You hit the two-headed ogre but do no damage.
You slash the ogre!
You kill the ogre!
Beogh accepts your kill.
You closely miss something. The ogre closely misses you.
The two-headed ogre hits you with a +0 giant club.
You slip backwards!
You hear some strange, mumbled words.
Something tries to affect you, but you resist.
HP[-6]
You take 6 damage, and now have 69/118 hp.
You hit the two-headed ogre. You headbutt the two-headed ogre!
You hit something.
HP[+1]
You slice the two-headed ogre!!
You kill the two-headed ogre!
Beogh accepts your kill.
You closely miss something. Something hits you!
* * * LOW HITPOINT WARNING * * *
You slip backwards!
HP[-11]
You take 11 damage, and now have 59/118 hp.
You slash something! Beogh accepts your kill.
Reactivating autopickup.
You feel a bit more experienced.
Your Dodging skill increases to level 3!
HP[+1]
You hit the ogre. You block the ogre's attack.
The cyclops throws a large rock.
The large rock hits you!
* * * LOW HITPOINT WARNING * * *
HP[-13]
You take 13 damage, and now have 47/118 hp.
You slash the ogre!
You kill the ogre!
Beogh accepts your kill.
HP[+1]
You hit the troll but do no damage. You closely miss the two-headed ogre.
The two-headed ogre closely misses you. You block the two-headed ogre's attack.
You block the troll's attack. The troll completely misses you.
The troll misses you.
HP[+1]
You barely miss the troll. You headbutt the troll.
You barely miss the two-headed ogre. You hit the two-headed ogre.
A kobold blastminer comes into view.
The troll bites you.
* * * LOW HITPOINT WARNING * * *
You slip backwards!
The kobold blastminer moves out of view.
HP[-2]
You take 2 damage, and now have 47/118 hp.
As you read the scroll of teleportation {@r4}, it crumbles to dust.
You feel strangely unstable. You block the troll's attack.
The troll closely misses you. You block the troll's attack.
HP[+1]
You hit the troll. You slash the two-headed ogre! The troll bites you!
* * * LOW HITPOINT WARNING * * *
You slip backwards!
HP[-12]
You take 12 damage, and now have 36/118 hp.
You barely miss the troll. You hit the two-headed ogre.
You block the troll's attack. x2; The troll claws you but does no damage.
The two-headed ogre hits you with a +0 giant club!!
* * * LOW HITPOINT WARNING * * *
You slip backwards!
A two-headed ogre comes into view. It is wielding two +0 giant clubs.
HP[-25]
You take 25 damage, and now have 11/118 hp.
MASSIVE DAMAGE!! (PAUSE)
You slash the two-headed ogre! You hit the two-headed ogre.
You block the two-headed ogre's attack. x2
HP[+1]
You completely miss the two-headed ogre.
Your headbutt misses the two-headed ogre.
You slash the two-headed ogre!
The two-headed ogre hits you with a +0 giant club.
* * * LOW HITPOINT WARNING * * *
You slip backwards!
HP[-5]
You take 5 damage, and now have 7/118 hp.
Your surroundings suddenly seem different.
A troll comes into view.
The troll shouts!
The kobold blastminer wields a +0 arbalest.
The kobold blastminer shoots a bolt.
The bolt closely misses you.
A troll comes into view.
HP[+2]
You regained 2 hp, and now have 9/118 hp.
HP[+1]
The kobold blastminer shoots a bolt.
The bolt hits you.
* * * LOW HITPOINT WARNING * * *
HP[-3]
You take 3 damage, and now have 7/118 hp.
The kobold blastminer shoots a bolt.
The bolt hits you!
You die...

Skill      XL: |  1  2  3  4  5  6  7  8  9 10 11 12 13 |
---------------+----------------------------------------+-----
Axes           | 3 4 5 6 7 9 10 12 13 14 | 14.4
Fighting       | 6 10 11 12 | 12.0
Shields        | 5 10 11 13 | 13.0
Armour         | 7 10 | 10.0
Throwing       | 4 10 | 10.0
Dodging        | 1 3 |  3.2

Action                     |  1- 3 |  4- 6 |  7- 9 | 10-12 | 13-15 || total
---------------------------+-------+-------+-------+-------+-------++-------
  Melee: War axe           |    36 |   141 |   160 |   390 |    32 ||   759
         Headbutt          |     7 |    24 |    30 |    88 |     7 ||   156
  Throw: Boomerang         |       |       |     1 |       |       ||     1
 Invoke: Convert to Beogh  |       |     1 |       |       |       ||     1
         Recruit Apostle   |       |       |     1 |     2 |       ||     3
         Recall Apostles   |       |       |       |     2 |       ||     2
  Evoke: Wand              |       |       |       |     3 |       ||     3
         Phial of floods   |       |       |       |     1 |       ||     1
    Use: Scroll            |       |     9 |       |     5 |     1 ||    15
         Potion            |       |       |       |    10 |       ||    10
   Stab: Distracted        |       |       |     3 |     5 |       ||     8
 Armour: Scale mail        |    26 |    94 |    41 |       |       ||   161
         Plate armour      |       |       |    45 |   224 |    22 ||   291
  Dodge: Dodged            |    14 |    53 |   134 |   234 |    21 ||   456
  Block: Buckler           |     9 |    36 |    42 |     5 |       ||    92
         Kite shield       |       |       |       |   283 |    22 ||   305

Levels and vault maps discovered:
D:1:      dpeg_arrival_chambers_temple_mockup, layout_basic,
          chequers_ecumenical_altar_island, minivault_26
D:2:      layout_basic, minmay_fractal_squares_5, uniq_jessica
D:3:      layout_basic, lemuel_coloured_pillars_altar, minmay_liquid_box
D:4:      layout_basic
D:5:      layout_loops_ring, kennysheep_orc_sif_temple, serial_aquarium,
          aquarium_bridge_square [aquarium_subvault_wall,
          aquarium_subvault_window, aquarium_subvault_bridge,
          aquarium_subvault_bridge], aquarium_bridge_square
          [aquarium_subvault_window, aquarium_subvault_bridge,
          aquarium_subvault_bridge, aquarium_subvault_wall],
          aquarium_window_corridor_1, aquarium_window_fake, aquarium_view_2g,
          aquarium_view_2e, aquarium_pool_five
D:6:      layout_gridville, minmay_temple_entry_stoned_glass,
          minmay_misc_feat_diagonals
D:7:      layout_loops_ring, lemuel_crystal_altar, grunt_ministairs_13
D:8:      cheibrodos_steamvent, layout_gridville
D:9:      layout_cave_pools
D:10:     layout_big_octagon, lair_entry_dummy,
          serial_library_hellmonk_secret_room, uniq_grum
D:11:     layout_rooms, minmay_orc_entry_guard_dogs
D:12:     hangedman_surveillance_ring, layout_small_grid,
          kennysheep_big_empty_room
Orc:1:    layout_diamond_mine, basic_altar, gammafunk_ghost_wrathful_warriors
Orc:2:    st_orc_open, layout_caves, portal_ice_cave_rime, serial_shops, shop,
          basic_altar, uniq_josephine, uniq_donald, uniq_erolcha

Notes
Turn   | Place    | Note
-------+----------+-------------------------------------------
     0 | D:1      | zeratav the Minotaur Fighter began the quest for the Orb.
     0 | D:1      | Reached XP level 1. HP: 19/19 MP: 0/0
     0 | D:1      | magus.rc [v1.9.6]
    98 | D:1      | Reached skill level 3 in Axes
   102 | D:1      | Reached XP level 2. HP: 10/26 MP: 1/1
   220 | D:1      | Reached skill level 4 in Axes
   292 | D:1      | You add the spells Sting, Mercury Vapours and Olgreb's
                  | Toxic Radiance to your library.
   358 | D:1      | Reached XP level 3. HP: 29/31 MP: 2/2
   382 | D:1      | You fall into a shaft and drop 1 floor!
   384 | D:2      | Noticed Jessica
   390 | D:2      | Killed Jessica
   391 | D:2      | Reached skill level 5 in Axes
   752 | D:2      | Reached XP level 4. HP: 34/39 MP: 3/3
   835 | D:2      | Reached skill level 6 in Axes
  1176 | D:1      | Reached XP level 5. HP: 43/45 MP: 4/4
  1386 | D:1      | Found a faded altar of an unknown god.
  1994 | D:3      | Became a worshipper of Beogh the Shepherd
  2306 | D:3      | Reached skill level 7 in Axes
  2377 | D:3      | Found a sacrificial altar of Ru.
  2545 | D:4      | Reached XP level 6. HP: 29/51 MP: 5/5
  3144 | D:4      | Reached * piety under Beogh
  3145 | D:4      | Reached skill level 8 in Axes
  3240 | D:4      | Identified a scroll of acquirement
  3248 | D:4      | Acquired the +1 pair of gloves "Plog" {Harm Will+++ Regen+
                  | Str-2}
  3264 | D:5      | Entered Level 5 of the Dungeon
  3366 | D:5      | Found a shimmering blue altar of Sif Muna.
  3418 | D:5      | You pick up a book of Minor Magic and begin reading...
  3418 | D:5      | You add the spells Magic Dart, Blink and Call Imp to your
                  | library.
  3602 | D:5      | Reached skill level 9 in Axes
  3665 | D:5      | Found the +2 pair of slick slippers {slick, slippery, EV+4}
  3775 | D:5      | Reached XP level 7. HP: 57/57 MP: 6/6
  4408 | D:6      | Reached skill level 10 in Axes
  4408 | D:6      | Reached skill level 4 in Fighting
  4411 | D:6      | Reached skill level 5 in Fighting
  4426 | D:6      | Found a staircase to the Ecumenical Temple.
  4484 | D:6      | Reached skill level 6 in Fighting
  4487 | D:6      | Reached XP level 8. HP: 59/71 MP: 7/7
  4490 | D:6      | Reached skill level 7 in Fighting
  4492 | D:6      | Reached ** piety under Beogh
  4519 | D:6      | Reached skill level 8 in Fighting
  4651 | D:6      | Reached skill level 9 in Fighting
  4903 | D:7      | Reached skill level 10 in Fighting
  4910 | D:7      | Reached skill level 4 in Shields
  4912 | D:7      | Reached skill level 5 in Shields
  5001 | D:7      | Found a sparkling altar of Nemelex Xobeh.
  5065 | D:7      | Reached XP level 9. HP: 70/85 MP: 8/8
  5342 | D:7      | Reached skill level 6 in Shields
  5595 | D:7      | Reached skill level 7 in Shields
  5693 | D:7      | Reached *** piety under Beogh
  5696 | D:7      | Reached skill level 8 in Shields
  5704 | D:7      | Noticed Murdo
  5723 | D:7      | Anointed Murdo the priest as your apostle
  5776 | D:8      | Reached skill level 9 in Shields
  5788 | D:8      | Identified the +6 scale mail "Ezxiymem" {*Slow rC+ Regen+
                  | Int+4}
  5805 | D:8      | Identified the +6 dagger "Enguesarph" {flame, Will+ Int+4
                  | Dex-4}
  5844 | D:8      | Reached skill level 10 in Shields
  5937 | D:9      | Noticed a two-headed ogre
  5943 | D:9      | Killed a two-headed ogre
  5944 | D:9      | Reached skill level 6 in Armour
  5966 | D:9      | Reached skill level 7 in Armour
  5966 | D:9      | Reached XP level 10. HP: 74/93 MP: 9/9
  6163 | D:9      | Reached skill level 8 in Armour
  6188 | D:9      | You pick up a book of Dreams and begin reading...
  6188 | D:9      | You add the spells Ensorcelled Hibernation, Fugue of the
                  | Fallen and Anguish to your library.
  6188 | D:9      | Noticed Brandogh
  6202 | D:9      | Anointed Brandogh the wizard as your apostle
  6347 | D:9      | Your ally Brandogh died
  6348 | D:9      | Reached skill level 9 in Armour
  6354 | D:9      | Reached skill level 10 in Armour
  6440 | D:10     | Entered Level 10 of the Dungeon
  6464 | D:10     | Noticed Grum
  6473 | D:10     | Killed Grum
  6474 | D:10     | Found a staircase to the Lair.
  6502 | D:10     | Reached **** piety under Beogh
  6514 | D:10     | Reached skill level 11 in Axes
  6623 | D:10     | Gained mutation: Your flesh is heat resistant. (rF+)
                  | [potion of mutation]
  6623 | D:10     | Gained mutation: You possess an exceptional clarity of
                  | mind. [potion of mutation]
  6881 | D:10     | You add the spells Ozocubu's Refrigeration and Discord to
                  | your library.
  6964 | D:10     | Noticed a two-headed ogre
  6969 | D:10     | Killed a two-headed ogre
  6970 | D:10     | Reached skill level 12 in Axes
  6970 | D:10     | Reached skill level 11 in Shields
  6970 | D:10     | Reached XP level 11. HP: 99/99 MP: 10/10
  7056 | D:11     | Identified the +3 long sword "Pyipoah" {protect, rPois}
  7066 | D:11     | Found a staircase to the Orcish Mines.
  7083 | D:11     | Reached skill level 12 in Shields
  7363 | D:11     | Reached skill level 13 in Shields
  7408 | D:12     | Noticed a yaktaur captain
  7409 | D:12     | Noticed a glowing orange brain
  7420 | D:12     | Killed a yaktaur captain
  7421 | D:12     | Reached skill level 1 in Throwing
  7479 | Orc:1    | Entered Level 1 of the Orcish Mines
  7625 | Orc:1    | Reached skill level 2 in Throwing
  7670 | Orc:1    | Found a transporter.
  7670 | Orc:1    | Noticed a two-headed ogre
  7674 | Orc:1    | Noticed an ettin
  7713 | Orc:1    | Noticed a two-headed ogre
  7716 | Orc:1    | Found a transporter.
  7722 | Orc:1    | Found a bloodstained altar of Trog.
  7722 | Orc:1    | Noticed an orc knight
  7724 | Orc:1    | Noticed cforsyth's ghost (journeyman CoGl)
  7736 | Orc:1    | Noticed a deep troll
  7737 | Orc:1    | Noticed an orc sorcerer
  7739 | Orc:1    | Your ally Brandogh died
  7741 | Orc:1    | Reached skill level 3 in Throwing
  7746 | Orc:1    | Killed an orc sorcerer
  8035 | Orc:2    | Entered Level 2 of the Orcish Mines
  8035 | Orc:2    | Noticed Donald
  8049 | Orc:1    | HP: 18/101 [Donald/+0 long sword of protection (24)]
  8050 | Orc:1    | Killed Donald
  8051 | Orc:1    | Reached skill level 11 in Fighting
  8138 | Orc:2    | Reached skill level 4 in Throwing
  8147 | Orc:2    | Reached skill level 13 in Axes
  8151 | Orc:2    | Found a frozen archway.
  8154 | Orc:2    | Reached XP level 12. HP: 82/110 MP: 11/11
  8162 | IceCv    | Entered an ice cave
  8388 | IceCv    | Reached skill level 5 in Throwing
  8394 | IceCv    | Reached ***** piety under Beogh
  8412 | IceCv    | Your ally Brandogh died
  8413 | IceCv    | Reached skill level 12 in Fighting
  8464 | IceCv    | Noticed a death yak
  8472 | IceCv    | Killed a death yak
  8473 | IceCv    | Reached skill level 14 in Axes
  8473 | IceCv    | Reached skill level 6 in Throwing
  8535 | IceCv    | Reached skill level 7 in Throwing
  8635 | IceCv    | Found the +4 skin of Zhor {*Englaciate rC+++ SInv}
  8673 | IceCv    | Noticed a death yak
  8673 | IceCv    | Noticed a frost giant
  8680 | IceCv    | Reached skill level 8 in Throwing
  8689 | IceCv    | Killed a death yak
  8691 | IceCv    | HP: 22/112 [frost giant/+0 battleaxe of freezing (7)]
  8692 | IceCv    | HP: 9/112 [frost giant/bolt of cold (15)]
  8697 | IceCv    | Your ally Murdo died
  8704 | IceCv    | Killed a frost giant
  8705 | IceCv    | Reached skill level 9 in Throwing
  8721 | IceCv    | HP: 27/112 [polar bear (10)]
  8733 | IceCv    | HP: 24/112 [polar bear (10)]
  8738 | IceCv    | HP: 15/112 [polar bear (4)]
  8744 | IceCv    | HP: 10/112 [polar bear (3)]
  8754 | IceCv    | HP: 17/112 [polar bear (3)]
  8867 | IceCv    | Identified a +0 crystal plate armour of cold resistance
  8868 | IceCv    | H - a +0 crystal plate armour of cold resistance {rare=g}
  8871 | IceCv    | Found the +7 Spriggan's Knife {stab, EV+4 Stlth+}
  8881 | IceCv    | You pick up a book of Ice and begin reading...
  8881 | IceCv    | You add the spells Sculpt Simulacrum and Polar Vortex to
                  | your library.
  9035 | Orc:2    | Found a bloodstained altar of Trog.
  9044 | Orc:2    | Noticed Garbold
  9089 | Orc:2    | Anointed Garbold the wizard as your apostle
  9113 | Orc:2    | Noticed Josephine
  9125 | Orc:2    | Killed Josephine
  9126 | Orc:2    | Reached skill level 10 in Throwing
  9126 | Orc:2    | Reached skill level 1 in Dodging
  9311 | Orc:2    | Reached XP level 13. HP: 101/118 MP: 12/12
  9329 | Orc:2    | Your ally Garbold died
  9330 | Orc:2    | Reached skill level 2 in Dodging
  9337 | Orc:2    | Reached skill level 3 in Dodging
  9343 | Orc:2    | HP: 11/118 [two-headed ogre/+0 giant club (26)]
  9348 | Orc:2    | HP: 7/118 [kobold blastminer/bolt (4)]
  9349 | Orc:2    | Shot with a bolt by a kobold blastminer

Vanquished Creatures
  A frost giant (IceCv)
  Josephine (Orc:2)
  An ogre mage (Orc:2)
  A death yak (IceCv)
  4 two-headed ogres
  An orc sorcerer (Orc:1)
  A cyclops (D:11)
  An ugly thing (IceCv)
  3 kobold blastminers
  A rime drake (Orc:2)
  2 trolls
  18 polar bears (IceCv)
  A hornet (D:9)
  3 wraiths (Orc:2)
  A shadow (D:10)
  18 yaks
  A basilisk (D:11)
  Grum (D:10)
  A steam dragon (D:8)
  An ice beast (D:7)
  3 orc warriors
  A black bear (D:8)
  An ogre (shapeshifter) (D:12)
  A sky beast (D:7)
  9 ogres
  11 wolves
  6 centaurs
  2 kobold brigands
  A gnoll sergeant (D:7)
  4 bullfrogs
  A scorpion (D:4)
  14 wights (D:6)
  3 killer bees (D:7)
  2 howler monkeys
  2 jellies (D:5)
  A bombardier beetle (D:7)
  3 orc priests
  2 hounds
  An iguana (D:5)
  Jessica (D:2)
  5 orc wizards
  9 adders
  7 gnolls
  2 shadow imps (D:7)
  5 white imps
  2 ufetubi (D:7)
  5 dart slugs
  A ribbon worm (D:4)
  18 orcs
  10 ball pythons
  11 endoplasms
  4 giant cockroaches
  8 hobgoblins
  2 jackals (D:3)
  3 quokkas
  3 bats
  4 frilled lizards
  7 goblins
  18 kobolds
  2 rats
257 creatures vanquished.

Vanquished Creatures (collateral kills)
  Donald (Orc:1)
  A yaktaur captain (D:12)
  A death yak (IceCv)
  2 cyclopes (D:11)
  An ice statue (IceCv)
  A kobold blastminer (Orc:1)
  A rime drake (Orc:2)
  2 trolls
  2 polar bears (IceCv)
  9 yaks
  A shadow (D:11)
  2 wyverns
  A yak (shapeshifter) (D:12)
  2 steam dragons
  A warg (D:11)
  5 orc warriors
  7 wolves (IceCv)
  A kobold brigand (D:10)
  A howler monkey (D:9)
  An orc priest (D:8)
  5 orc wizards
  2 orcs
  4 kobolds
54 creatures vanquished.

Vanquished Creatures (others)
  5 orc apostles
  An orc warrior (Orc:1)
  An adder (D:3)
  4 orcs
  A ball python (D:3)
  A bat (D:3)
13 creatures vanquished.

Grand Total: 324 creatures vanquished

Table legend:
 A = Non-vault XP
 B = Vault XP
 C = Vault XP percentage of total XP
 D = Non-vault monster count
 E = Vault monster count
 F = Vault count percentage of total count
                 A         B        C        D         E       F
            +---------+---------+-------+---------+---------+-------
      Total |   18035 |   23196 |  56.3 |     228 |      93 |  29.0
            +---------+---------+-------+---------+---------+-------
        D:1 |      87 |       0 |   0.0 |      28 |       0 |   0.0
        D:2 |      46 |      75 |  62.0 |       8 |      10 |  55.6
        D:3 |      77 |       0 |   0.0 |      21 |       0 |   0.0
        D:4 |     166 |       0 |   0.0 |      18 |       0 |   0.0
        D:5 |     325 |      40 |  11.0 |      11 |       2 |  15.4
        D:6 |    1590 |       0 |   0.0 |      25 |       0 |   0.0
        D:7 |    1285 |     125 |   8.9 |      28 |       2 |   6.7
        D:8 |     324 |     379 |  53.9 |       9 |       2 |  18.2
        D:9 |    3360 |       0 |   0.0 |      20 |       0 |   0.0
       D:10 |    3051 |     541 |  15.1 |      19 |       4 |  17.4
       D:11 |    3180 |     291 |   8.4 |      11 |       2 |  15.4
       D:12 |       0 |    1294 | 100.0 |       0 |       4 | 100.0
      Orc:1 |    2836 |    1372 |  32.6 |      19 |       1 |   5.0
      Orc:2 |    1305 |    5178 |  79.9 |       9 |      14 |  60.9
      IceCv |     403 |   13901 |  97.2 |       2 |      52 |  96.3
            +---------+---------+-------+---------+---------+-------

Skill      XL: |  1  2  3  4  5  6  7  8  9 10 11 12 13 |
---------------+----------------------------------------+-----
Axes           | 3 4 5 6 7 9 10 12 13 14 | 14.4
Fighting       | 6 10 11 12 | 12.0
Shields        | 5 10 11 13 | 13.0
Armour         | 7 10 | 10.0
Throwing       | 4 10 | 10.0
Dodging        | 1 3 |  3.2

Action                     |  1- 3 |  4- 6 |  7- 9 | 10-12 | 13-15 || total
---------------------------+-------+-------+-------+-------+-------++-------
  Melee: War axe           |    36 |   141 |   160 |   390 |    32 ||   759
         Headbutt          |     7 |    24 |    30 |    88 |     7 ||   156
  Throw: Boomerang         |       |       |     1 |       |       ||     1
 Invoke: Convert to Beogh  |       |     1 |       |       |       ||     1
         Recruit Apostle   |       |       |     1 |     2 |       ||     3
         Recall Apostles   |       |       |       |     2 |       ||     2
  Evoke: Wand              |       |       |       |     3 |       ||     3
         Phial of floods   |       |       |       |     1 |       ||     1
    Use: Scroll            |       |     9 |       |     5 |     1 ||    15
         Potion            |       |       |       |    10 |       ||    10
   Stab: Distracted        |       |       |     3 |     5 |       ||     8
 Armour: Scale mail        |    26 |    94 |    41 |       |       ||   161
         Plate armour      |       |       |    45 |   224 |    22 ||   291
  Dodge: Dodged            |    14 |    53 |   134 |   234 |    21 ||   456
  Block: Buckler           |     9 |    36 |    42 |     5 |       ||    92
         Kite shield       |       |       |       |   283 |    22 ||   305

Illustrated notes

Table legend:
 A = Kills in this place as a percentage of kills in the entire game.
 B = Kills by you in this place as a percentage of kills by you in the entire game.
 C = Kills by friends in this place as a percentage of kills by friends in the entire game.
 D = Other kills in this place as a percentage of other kills in the entire game.
 E = Experience gained in this place as a percentage of experience gained in the entire game.
 F = Experience gained in this place divided by the number of levels of this place that you have seen.
                   A       B       C       D       E      F
               +-------+-------+-------+-------+-------+----------------------
         Total | 100.0 | 100.0 | 100.0 | 100.0 | 100.0 | 2748.7
       Dungeon |  69.8 |  75.1 |  50.0 |  40.0 |  39.4 | 1353.0
  Orcish Mines |  13.4 |  10.5 |  22.2 |  40.0 |  25.9 | 5345.5
      Ice Cave |  16.8 |  14.4 |  27.8 |  20.0 |  34.7 | 14304.0
               +-------+-------+-------+-------+-------+----------------------

Table legend: (Time is in decaauts)
 A = Elapsed time spent in this place.
 B = Non-inter-level travel time spent in this place.
 C = Inter-level travel time spent in this place.
 D = Time resting spent in this place.
 E = Time spent auto-exploring this place.
 F = Levels seen in this place.
 G = Mean time per level.
                   A        B        C        D        E       F      G
               +--------+--------+--------+--------+--------+-----+--------+
         Total |   9373 |   8925 |    448 |    522 |   6656 |  15 |  624.9 |
       Dungeon |   7538 |   7129 |    409 |    205 |   5763 |  12 |  628.2 |
  Orcish Mines |    995 |    957 |     38 |    107 |    570 |   2 |  497.5 |
      Ice Cave |    840 |    840 |      0 |    210 |    323 |   1 |  840.0 |
               +--------+--------+--------+--------+--------+-----+--------+

Top non-repeatable levels by time:
     D:5: 1135 daAuts
     D:1: 954 daAuts
     D:2: 843 daAuts
   IceCv: 840 daAuts
     D:7: 798 daAuts
     D:4: 750 daAuts
     D:3: 749 daAuts
   Orc:1: 647 daAuts
    D:10: 594 daAuts
     D:6: 566 daAuts
     D:9: 504 daAuts
    D:11: 424 daAuts
   Orc:2: 347 daAuts
     D:8: 183 daAuts
    D:12: 32 daAuts
